 Dungeon Crawl Stone Soup version 0.28.0 (webtiles) character file.

Game seed: 4482201212720209625

49 croobank the Grasshopper (level 4, -2/33 HPs)
             Began as a Formicid Warper on Feb 8, 2022.
             Succumbed to an adder's poison
             ... on level 2 of the Dungeon.
             The game lasted 00:05:05 (1591 turns).

croobank the Grasshopper (Formicid Warper)          Turns: 1591, Time: 00:05:06

Health: -2/33      AC:  3    Str: 15    XL:     4   Next: 2%
Magic:  8/8        EV: 11    Int: 15    God:
Gold:   83         SH:  0    Dex: 10    Spells: 8/8 levels left

rFire   . . .      SeeInvis +   a - +0 hand axe
rCold   + . .      Faith    .   (no shield)
rNeg    . . .      Spirit   .   b - +0 leather armour
rPois   .          Reflect  .   (helmet unavailable)
rElec   .          Harm     .   (no cloak)
rCorr   .          Rampage  .   (no gloves)
Will    .....                   (no boots)
Stlth   +.........              (no amulet)
HPRegen 0.11/turn               n - ring of protection from cold
MPRegen 0.11/turn               (no ring)

@: mighty, lethally poisoned (-2 -> -14)
A: permanent stasis, dig shafts and tunnels, antennae 3, four strong arms
a: Dig, Shaft Self


You were on level 2 of the Dungeon.
You visited 1 branch of the dungeon, and saw 2 of its levels.

You collected 83 gold pieces.

Inventory:

Hand Weapons
 a - a +0 hand axe (weapon)
 f - a +0 mace
 p - a +0 rapier
Missiles
 c - 5 boomerangs of dispersal (quivered)
 g - 57 stones
 i - 36 sling bullets
Armour
 b - a +0 leather armour (worn)
Jewellery
 n - a ring of protection from cold (left hand)
Scrolls
 j - a scroll of vulnerability {unknown}
 k - a scroll of identify {unknown}
 l - a scroll of fog {unknown}
 o - a scroll of magic mapping {unknown}
Potions
 e - a potion of lignification {unknown}
 h - 2 potions of flight {unknown}
 m - a potion of mutation {unknown}
 q - a potion of brilliance {unknown}


   Skills:
 + Level 2.2 Fighting
 + Level 2.5 Axes
 + Level 1.0 Throwing
 + Level 1.9 Armour
 + Level 2.0 Dodging
 + Level 2.8 Spellcasting
 + Level 3.0 Translocations


You had 8 spell levels left.
You didn't know any spells.
Your spell library contained the following spells:

 Spells                   Type           Power      Damage    Failure   Level
 Gell's Gravitas          Tloc           11%        N/A       22%         3
 Lesser Beckoning         Tloc           11%        N/A       22%         3
 Teleport Other           Tloc           11%        N/A       22%         3
 Corpse Rot               Necr/Air       4%         N/A       36%         2
 Poisonous Vapours        Pois/Air       4%         N/A       36%         2
 Manifold Assault         Tloc           11%        N/A       89%         5
 Blink                    Tloc           Unusable   N/A       N/A         2

Dungeon Overview and Level Annotations

Branches:
Dungeon (2/15)

Altars:

Shops:
D:2 *


Innate Abilities, Weirdness & Mutations

You cannot be hasted, slowed, berserked, paralysed or teleported.
You can dig through walls and to a lower floor.
You have a pair of large antennae on your head. (SInv)
Your four strong arms can wield two-handed weapons with a shield.


Message History

The worm closely misses you.
You barely miss the worm.
The worm is moderately wounded.
The worm bites you.
* * * LOW HITPOINT WARNING * * *
There is a faded altar of an unknown god here.
You slash the withered plant!
The withered plant begins to crumble.
You punch the withered plant.
The withered plant is lightly damaged.
You hit the withered plant but do no damage.
You hit the withered plant.
The withered plant begins to crumble.
The withered plant crumbles away.
The withered plant crumbles away.
An adder comes into view.
The adder hisses angrily.
A giant cockroach comes into view.
Found a robe.
The giant cockroach moves out of view.
You hit the adder.
The adder is heavily wounded.
The adder bites you.
You are poisoned.
The adder poisons you!
You hit the adder but do no damage.
The adder is heavily wounded.
You feel sick. The adder bites you.
* * * LOW HITPOINT WARNING * * *
You are lethally poisoned!
The adder poisons you! The adder bites you.
* * * LOW HITPOINT WARNING * * *
You are more poisoned.
The adder poisons you!
It was a potion of might.
You feel very mighty all of a sudden.
* * * LOW HITPOINT WARNING * * *
You feel very sick. The adder bites you.
* * * LOW HITPOINT WARNING * * *
You slash the adder!
The adder is almost dead.
You die...

#.##.##. #.##.##.
#....... #.##.##. #
##.##.... #.. ##.♣......
#...# ####...P..##.
......######...♣..♣.♣...
.....BS@.........._.♣##.
......######......P..###
#...# ##.##........ [..
#........... #
#####.#..... #########
#.#..... #.....<.#
#.#..... #.......#
#.#.....
#.∩.....###.......


You could see an adder and a giant cockroach.

Vanquished Creatures
  An adder (D:2)
  A dart slug (D:1)
  A bat (D:1)
  3 endoplasms
  2 giant cockroaches
  7 goblins
  4 hobgoblins
  3 jackals (D:2)
  3 kobolds
  3 ball pythons
  3 frilled lizards
  2 rats (D:1)
33 creatures vanquished.

Vanquished Creatures (others)
  4 withered plants (D:2)
4 creatures vanquished.

Grand Total: 37 creatures vanquished

Notes
Turn   | Place    | Note
-------+----------+-------------------------------------------
     0 | D:1      | croobank the Formicid Warper began the quest for the Orb.
     0 | D:1      | Reached XP level 1. HP: 16/16 MP: 3/3
   152 | D:1      | Reached XP level 2. HP: 21/22 MP: 5/5
   715 | D:1      | Reached XP level 3. HP: 15/27 MP: 7/7
   768 | D:1      | Reached skill level 3 in Translocations
  1098 | D:2      | Found a faded altar of an unknown god.
  1112 | D:2      | Found Fumiz's General Store.
  1190 | D:2      | Reached XP level 4. HP: 7/33 MP: 8/8
  1590 | D:2      | HP: 1/33 [adder (2)]
  1591 | D:2      | Succumbed to an adder's poison

Illustrated notes

Levels and vault maps discovered:
D:1:      dpeg_arrival_three_same_balls, layout_basic
D:2:      layout_loops_cross, ebering_ecumenical_altar_petrified, serial_shops,
          shop, chequers_serial_rivers_micro_c, uniq_crazy_yiuf_cottage

Skill      XL: |  1  2  3 |
---------------+----------+-----
Translocations | 3 |  3.0
Dodging        | 2 |  2.0
Fighting       | |  2.2
Axes           | |  2.5
Throwing       | |  1.0
Armour         | |  1.9
Spellcasting   | |  2.8

Action                   |  1- 3 |  4- 6 || total
-------------------------+-------+-------++-------
Melee: Hand axe          |    99 |    11 ||   110
       Punch             |     1 |     1 ||     2
  Use: Potion            |       |     1 ||     1
 Stab: Sleeping          |     1 |       ||     1
Armor: Leather armour    |    21 |     1 ||    22
Dodge: Dodged            |    60 |     1 ||    61
